 Dungeon Crawl Stone Soup version 0.30.0-19-g36f170ea60 (webtiles) character file.

Game seed: 10598958605713714209

138 Irreverend the Trooper (level 5, -1/47 HPs)
             Began as a Minotaur Fighter on May 29, 2023.
             Slain by a goblin
             ... wielding a +0 dagger
             ... led by Robin
              (5 damage)
             ... on level 2 of the Dungeon.
             The game lasted 00:01:38 (1558 turns).

Irreverend the Trooper (Minotaur Fighter)           Turns: 1558, Time: 00:01:39

Health: -1/47      AC: 12    Str: 23    XL:     5   Next: 1%
Magic:  4/4        EV:  6    Int:  5    God:
Gold:   123        SH:  4    Dex:  9    Spells: 4/4 levels left

rFire   . . .        a - +0 flail
rCold   . . .        c - +0 buckler
rNeg    . . .        k - +0 plate armour
rPois   .            (helmet restricted)
rElec   .            (no cloak)
rCorr   .            (no gloves)
SInv    .            (no boots)
Will    .....        (no amulet) Stlth
                     (no ring)
HPRegen 0.27/turn    (no ring)
MPRegen 0.09/turn

%: no passive effects
@: mighty
A: horns 2, retaliatory headbutt
a: no special abilities


You were on level 2 of the Dungeon.
You visited 1 branch of the dungeon, and saw 2 of its levels.

You collected 123 gold pieces.

Inventory:

Hand Weapons
 a - a +0 flail (weapon)
Armour
 b - a +0 scale mail
 c - a +0 buckler (worn)
 k - a +0 plate armour (worn)
Jewellery
 n - a +6 ring of intelligence
Scrolls
 e - a scroll of amnesia {unknown}
 f - a scroll of poison {unknown}
 g - a scroll of immolation {unknown}
 m - a scroll of vulnerability {unknown}
Potions
 d - 2 potions of might
 h - 2 potions of cancellation {unknown}
 i - a potion of mutation {unknown}
 j - a potion of invisibility {unknown}
 l - 3 potions of curing {unknown}


   Skills:
 + Level 4.4 Fighting
 * Level 4.3 Maces & Flails
 + Level 4.4 Armour
 + Level 4.4 Shields


You had 4 spell levels left.
You didn't know any spells.
Your spell library was empty.

Dungeon Overview and Level Annotations

Branches:
Dungeon (2/15)

Altars:


Innate Abilities, Weirdness & Mutations

You have a pair of horns on your head.
You reflexively headbutt those who attack you in melee.


Message History

The hobgoblin barely misses you. You furiously retaliate!
You headbutt the hobgoblin!
You kill the hobgoblin!
The goblin hits you but does no damage. The goblin hits you with a +0 dagger.
The goblin hits you but does no damage. x5; The goblin barely misses you.
You block the goblin's attack.
You closely miss Robin. You block Robin's attack.
The goblin hits you but does no damage. The goblin barely misses you.
The goblin hits you but does no damage. x3; The goblin completely misses you.
You furiously retaliate!
You headbutt the goblin.
You kill the goblin!
You hit Robin. Your headbutt misses Robin.
Robin is moderately wounded.
Robin barely misses you. The goblin barely misses you. You furiously retaliate!
You headbutt the goblin. The goblin hits you but does no damage.
The goblin closely misses you. The goblin barely misses you.
You barely miss Robin. You headbutt Robin.
Robin is heavily wounded.
Robin hits you with a +0 dagger. The goblin closely misses you.
You block the goblin's attack. The goblin hits you with a +0 club.
The goblin hits you but does no damage. x2
You are too injured to fight recklessly!
You are too injured to fight recklessly!
You feel very mighty all of a sudden. Robin hits you with a +0 dagger.
The goblin hits you with a +0 club.
* * * LOW HITPOINT WARNING * * *
The hobgoblin hits you but does no damage.
You block the goblin's attack.
The goblin hits you but does no damage. x3
You bludgeon Robin!!
You kill Robin!
The goblin barely misses you. The goblin hits you but does no damage.
A hobgoblin comes into view.
You block the hobgoblin's attack. The goblin hits you with a +0 dagger.
* * * LOW HITPOINT WARNING * * *
The goblin hits you with a +0 club.
* * * LOW HITPOINT WARNING * * *
The goblin hits you but does no damage.
You have reached level 5!
The goblin attacks as you move away! The goblin hits you with a +0 dagger.
You die...

#.....# #......#
##.†.## ######.#
##.## #.# #.# #.# #.#
#.# # ##'## ##.##
.#g#.##...## #...#
......)gP..## #...##
..##.g@g...# ##....#
#..gggP...####.....##
+.........+....).....
#.........####...#.##
##.......## #.......#
##.....## #<####..#
##...## ###.#.....#
##... ..#.#.###.# #.#
#.#.#.# #.#


You could see 2 hobgoblins and 5 goblins.

Vanquished Creatures
  Jessica (D:2)
  Terence (D:2)
  Robin (D:2)
  An adder (D:2)
  An adder zombie (D:2)
  An adder skeleton (D:2)
  A worm (D:2)
  2 dart slugs
  A bat skeleton (D:2)
  2 bat zombies (D:2)
  4 endoplasms
  3 giant cockroaches
  8 goblins
  2 hobgoblins (D:2)
  6 jackals (D:1)
  3 quokkas
  2 ball pythons
  3 ball python skeletons (D:2)
  3 ball python zombies (D:2)
  2 frilled lizards (D:2)
  4 kobolds
  6 rats
58 creatures vanquished.

Notes
Turn   | Place    | Note
-------+----------+-------------------------------------------
     0 | D:1      | Irreverend the Minotaur Fighter began the quest for the
                  | Orb.
     0 | D:1      | Reached XP level 1. HP: 19/19 MP: 0/0
   132 | D:1      | Reached XP level 2. HP: 27/27 MP: 1/1
   219 | D:1      | Found a faded altar of an unknown god.
   759 | D:2      | Reached XP level 3. HP: 31/33 MP: 2/2
  1032 | D:2      | Noticed Jessica
  1040 | D:2      | Killed Jessica
  1041 | D:2      | Reached XP level 4. HP: 31/40 MP: 3/3
  1540 | D:2      | Noticed Terence
  1546 | D:2      | Killed Terence
  1548 | D:2      | Noticed Robin
  1557 | D:2      | Killed Robin
  1558 | D:2      | Reached XP level 5. HP: 4/47 MP: 4/4
  1558 | D:2      | Slain by a goblin

Illustrated notes

Levels and vault maps discovered:
D:1:      dpeg_arrival_rooms_b, layout_basic,
          hellmonk_ecumenical_altar_prayer_group
D:2:      layout_loops_corners, serial_undead, serial_undead_b, serial_undead_a,
          serial_undead_f, serial_undead_a, uniq_jessica, uniq_terence,
          uniq_robin

Skill      XL: |  1  2  3  4 |
---------------+-------------+-----
Maces & Flails | 3 4 |  4.3
Fighting       | 4 |  4.4
Armour         | 4 |  4.4
Shields        | 4 |  4.4

Action                     |  1- 3 |  4- 6 || total
---------------------------+-------+-------++-------
  Melee: Flail             |    67 |    39 ||   106
         Headbutt          |     7 |     8 ||    15
    Use: Potion            |       |     1 ||     1
 Armour: Scale mail        |    13 |       ||    13
         Plate armour      |     4 |    65 ||    69
  Dodge: Dodged            |    43 |    20 ||    63
  Block: Buckler           |    17 |    17 ||    34
